Map: Galactic Process LE

Players

Scarlett - Winner!

  • Race: Zerg Zerg

puCK (Nina)

  • Race: Protoss Protoss

Event: 2016 WCS Summer Circuit Championship (DH Montreal)

VOD

Have the link to the VOD?

Description

Time

  • Played on: Aug. 12, 2016, 10:36 p.m.
  • Length: 3:49

All games in this series

Show
View Real Time Build Order
Export as new Build Order

Scarlett Zerg - Winner!

Build Orders: Pool First 

Get SALT Encoding   

  12  0:01  Drone  
  13  0:15  Extractor  
  12  0:24  Spawning Pool  
  11  0:29  Drone  
  11  0:33  Drone  
  13  0:38  Drone  
  14  0:50  Overlord  
  14  1:10  Zergling x4  
  16  1:12  Zergling x2  
  16  1:15  Metabolic Boost  
  17  1:23  Zergling x2  
  18  1:29  Queen  
  20  1:46  Zergling x2  
  20  1:47  Zergling x2  
  22  2:01  Hatchery  
  21  2:07  Overlord  
  21  2:17  Zergling x2  
  22  2:30  Zergling x4  
  23  2:41  Zergling x4  
  23  2:51  Zergling x4  
  23  2:55  Queen  
  23  2:56  Zergling x2  
  27  3:05  Zergling x2  
  28  3:13  Zergling x2  
  28  3:15  Zergling x2  
  30  3:28  Zergling x8  
Show
View Real Time Build Order
Export as new Build Order

puCK Protoss 

Build Orders: 1 Gate Expand 

Get SALT Encoding   

  12  0:02  Probe (Chrono Boost)  
  13  0:13  Probe (Chrono Boost)  
  14  0:20  Pylon  
  14  0:23  Probe (Chrono Boost)  
  15  0:38  Probe (Chrono Boost)  
  15  0:42  Gateway  
  16  0:48  Probe (Chrono Boost)  
  17  0:52  Assimilator  
  17  0:59  Probe (Chrono Boost)  
  18  1:10  Probe (Chrono Boost)  
  19  1:20  Probe (Chrono Boost)  
  20  1:31  Nexus  
  20  1:32  Zealot  
  22  1:45  Cybernetics Core  
  22  1:52  Pylon  
  23  2:08  Probe (Chrono Boost)  
  23  2:18  Adept  
  23  2:20  Probe (Chrono Boost)  
  25  2:33  Probe (Chrono Boost)  
  23  2:52  Probe (Chrono Boost)  
  23  2:55  Pylon  
  21  3:02  Mothership Core (Chrono Boost)  
  24  3:06  Probe (Chrono Boost)  
  24  3:15  Pylon x2  
  24  3:18  Probe (Chrono Boost)  
  24  3:19  Pylon  
  21  3:37  Probe (Chrono Boost)  
Tags
 
Add a new tag
Caveats
  • Supply blocks, unpowered buildings, or Contaminate may cause inaccurate times.
  • Supply counts are checked every 10 seconds.